 Dungeon Crawl Stone Soup version 0.26-a0-346-g33516b1736 (webtiles) character file.

Game seed: 11854638701238788861

326 Glokmah the Caller (level 6, -5/46 HPs)
             Began as a Merfolk Summoner on July 17, 2020.
             Was an Initiate of Gozag.
             Slain by an iguana (12 damage)
             ... on level 6 of the Dungeon.
             The game lasted 00:08:17 (4548 turns).

Glokmah the Caller (Merfolk Summoner)               Turns: 4548, Time: 00:08:18

Health: -5/46      AC:  5    Str:  8    XL:     6   Next: 49%
Magic:  10/10      EV: 14    Int: 16    God:    Gozag
Gold:   173        SH:  0    Dex: 15    Spells: 7/11 levels left

rFire    . . .     SeeInvis .   a - +2 dagger (speed)
rCold    . . .     Faith    .   (no shield)
rNeg     . . .     Spirit   .   m - +0 leather armour
rPois    .         Reflect  .   k - +0 helmet
rElec    .         Harm     .   j - +0 cloak
rCorr    .                      (no gloves)
MR       .....                  (no boots)
Stlth    ++........             (no amulet)
HPRegen  0.15/turn              (no ring)
MPRegen  0.12/turn              (no ring)

@: very slightly contaminated
A: change form in water, swift swim, stealthy swim
a: Potion Petition, Call Merchant, Bribe Branch, Renounce Religion


You were on level 6 of the Dungeon.
You worshipped Gozag.
Gozag was aware of your devotion.
You visited 1 branch of the dungeon, and saw 6 of its levels.

You collected 216 gold pieces.
You paid 43 gold pieces to Gozag.

Inventory:

Hand Weapons
 a - a +2 dagger of speed (weapon)
 b - a +2 hunting sling of freezing
 w - a +1 dagger of holy wrath
Missiles
 e - 66 stones (quivered)
 t - 22 poisoned darts
Armour
 j - a +0 cloak (worn)
 k - a +0 helmet (worn)
 m - a +0 leather armour (worn)
Wands
 u - a wand of flame (17)
Scrolls
 c - 2 scrolls of fog {unknown}
 d - a scroll of blinking
 g - a scroll of magic mapping
 h - a scroll of fear {unknown}
 i - a scroll of enchant weapon
 o - 2 scrolls of identify {unknown}
 p - a scroll of amnesia {unknown}
 r - 2 scrolls of teleportation {unknown}
 v - a scroll of remove curse {unknown}
 y - a scroll of enchant armour {unknown}
Potions
 f - a potion of stabbing {unknown}
 l - a potion of flight {unknown}
 n - a potion of magic {unknown}
 q - a potion of haste {unknown}
 s - a potion of might {unknown}
 x - a potion of resistance {unknown}


   Skills:
 + Level 2.7 Fighting
 + Level 4.5 Dodging
 - Level 2.1 Stealth
 + Level 3.1 Spellcasting
 * Level 5.6 Summonings
 + Level 0.5 Necromancy


You had 7 spell levels left.
You knew the following spells:

 Your Spells              Type           Power        Failure   Level
a - Call Imp              Summ           ###.....     4%          2
b - Summon Small Mammal   Summ           ###.         2%          1
c - Pain                  Necr           #...         22%         1

Your spell library contained the following spells:

 Spells                   Type           Power        Failure   Level
 Call Canine Familiar     Summ           ###.....     8%          3
 Animate Skeleton         Necr           #.....       22%         1
 Summon Guardian Golem    Hex/Summ       ##......     26%         3
 Vampiric Draining        Necr           #.........   54%         3
 Summon Ice Beast         Ice/Summ       ##......     63%         4
 Summon Lightning Spire   Summ/Air       ##......     63%         4
 Animate Dead             Necr           #.........   91%         4
 Agony                    Necr           #.......     99%         5


Dungeon Overview and Level Annotations

Branches:
Dungeon (7/15)             Temple (0/1) D:6

Altars:
Gozag
Yredelemnul


Message History

The ogre closely misses you.
You hit the ogre.
The ogre is lightly wounded.
An adder skeleton comes into view.
You closely miss the ogre.
The ogre is lightly wounded.
The ogre hits you with a +0 giant spiked club!!
Ouch! That really hurt!
You hit the ogre.
The ogre is moderately wounded.
You hit the ogre.
The ogre is moderately wounded.
The ogre hits you with a +0 giant spiked club!
* * * LOW HITPOINT WARNING * * *
There is an open door here.
An iguana and a gnoll come into view. 2 gnolls come into view.
The iguana bites you!
You die...
Your body crumbles into a pile of gold.

#.............# #.............#
########
#.............#######......####
#......>.........Z..'..........
######........Z######......####
*#........O# ######## *
******..........# *
*,,,,...........# ***** *
*,,,#####......@#*******,,,*****
*,,,*,,,#......l.......,$,,,,,,,
*,,,***+#.#####...8>8##*,,,***,,
*,,,,,,,..* *.....### ***** *,,
*,,,,,,,,,* *.....# *,,
*,,,,,,,,,* #...g.# *,,
*,*,******* #.....# *,, *,,,*
#..gg.# *,, ***,* *,,,,,* ***


You could see an ogre, an iguana, 3 gnolls and an adder skeleton.

Vanquished Creatures
  An orc priest (D:3)
  An orc wizard (D:3)
  Jessica (D:2)
  8 adders
  3 worms
  3 leopard geckos
  An orc (D:3)
  A ball python (D:3)
  5 bats
  2 giant cockroaches (D:1)
  6 goblins
  5 hobgoblins
  A jackal (D:2)
  2 quokkas
  3 frilled lizards
  8 kobolds
  2 rats
53 creatures vanquished.

Vanquished Creatures (collateral kills)
  2 bullfrogs (D:7)
  An orc priest (D:3)
  An adder (D:2)
  A worm (D:2)
  3 dart slugs
  An orc (D:3)
  A bat (D:1)
  A giant cockroach (D:2)
  3 goblins
  6 hobgoblins
  6 jackals
  5 kobolds
  A quokka (D:2)
  A frilled lizard (D:2)
  2 rats (D:1)
35 creatures vanquished.

Grand Total: 88 creatures vanquished

Notes
Turn   | Place    | Note
-------+----------+-------------------------------------------
     0 | D:1      | Glokmah the Merfolk Summoner began the quest for the Orb.
     0 | D:1      | Reached XP level 1. HP: 13/13 MP: 3/3
   264 | D:1      | Reached XP level 2. HP: 17/20 MP: 5/5
   275 | D:1      | Learned a level 2 spell: Call Imp
  1130 | D:1      | Reached skill level 1 in Fighting
  1335 | D:1      | Reached XP level 3. HP: 21/26 MP: 6/6
  2392 | D:2      | Noticed Jessica
  2414 | D:2      | Killed Jessica
  2414 | D:2      | Reached XP level 4. HP: 31/32 MP: 1/7
  3071 | D:3      | Found an opulent altar of Gozag.
  3108 | D:3      | Reached skill level 5 in Summonings
  3108 | D:3      | Reached XP level 5. HP: 30/38 MP: 3/8
  3738 | D:3      | Reached XP level 6. HP: 42/46 MP: 10/10
  3743 | D:3      | Learned a level 1 spell: Pain
  4151 | D:3      | Found a basalt altar of Yredelemnul.
  4181 | D:3      | Became a worshipper of Gozag Ym Sagoz the Greedy
  4300 | D:4      | You fall into a shaft and drop 3 floors!
  4548 | D:6      | Found a staircase to the Ecumenical Temple.
  4548 | D:6      | Slain by an iguana

Illustrated notes

Levels and vault maps discovered:
D:1:      ebering_hopf_link, layout_loops_ring, chequers_serial_rivers_micro_b
D:2:      layout_basic, minmay_fractal_squares_gapless_5, uniq_jessica
D:3:      layout_basic, yredelemnul_altar_generic,
          nicolae_overflow_crystal_walls, kennysheep_nondescript
D:4:      layout_rooms, lemuel_coloured_pillars_altar, makhleb_heckhound_becter,
          grunt_temple_overflow_open, minivault_4
D:6:      layout_basic, temple_statues, minmay_ruffians, uniq_duvessa
D:7:      layout_basic, uniq_menkaure, uniq_joseph

Skill      XL: |  1  2  3  4  5 |
---------------+----------------+-----
Dodging        | 3 4 |  4.5
Fighting       | 1 2 |  2.7
Summonings     | 5 |  5.6
Spellcasting   | 3 |  3.1
Stealth        | |  2.1
Necromancy     | |  0.5

Action                   |  1- 3 |  4- 6 || total
-------------------------+-------+-------++-------
Melee: Short sword       |    72 |       ||    72
       Unarmed           |     6 |       ||     6
       Dagger            |    48 |   181 ||   229
 Fire: Hunting sling     |    10 |       ||    10
 Cast: Summon Small Mamm |     5 |     1 ||     6
       Call Imp          |    16 |    21 ||    37
  Use: Scroll            |       |     3 ||     3
 Stab: Sleeping          |     1 |     3 ||     4
       Distracted        |       |     4 ||     4
Armor: Robe              |    26 |       ||    26
       Leather armour    |     1 |    25 ||    26
Dodge: Dodged            |    94 |    96 ||   190

Table legend:
 A = Non-vault XP
 B = Vault XP
 C = Vault XP percentage of total XP
 D = Non-vault monster count
 E = Vault monster count
 F = Vault count percentage of total count
                 A         B        C        D         E       F
            +---------+---------+-------+---------+---------+-------
      Total |     427 |      39 |   8.4 |      83 |       5 |   5.7
            +---------+---------+-------+---------+---------+-------
        D:1 |      35 |       0 |   0.0 |      24 |       0 |   0.0
        D:2 |      68 |      39 |  36.4 |      29 |       5 |  14.7
        D:3 |     208 |       0 |   0.0 |      26 |       0 |   0.0
        D:4 |       3 |       0 |   0.0 |       1 |       0 |   0.0
        D:7 |     113 |       0 |   0.0 |       3 |       0 |   0.0
            +---------+---------+-------+---------+---------+-------
